 Dungeon Crawl Stone Soup version 0.30.0-29-ga12c61a403 (webtiles) character file.

Game seed: 2764414217792177605

280 cdecastro the Conjurer (level 6, 0/45 HPs)
             Began as a Draconian Conjurer on June 3, 2023.
             Slain by an orc priest
             ... wielding a +0 flail
              (3 damage)
             ... on level 4 of the Dungeon.
             The game lasted 00:07:56 (4054 turns).

cdecastro the Conjurer (Draconian Conjurer)         Turns: 4054, Time: 00:07:56

Health: 0/45       AC:  6    Str: 10    XL:     6   Next: 5%
Magic:  13/13      EV: 12    Int: 20    God:
Gold:   54         SH:  0    Dex:  9    Spells: 12/15 levels left

rFire   . . .        e - +0 dagger
rCold   . . .        (no shield)
rNeg    . . .        (body armour unavailable)
rPois   .            (helmet restricted)
rElec   .            (no cloak)
rCorr   .            (no gloves)
SInv    .            (no boots)
Will    .....        (no amulet)
Stlth   ++           (no ring)
HPRegen 0.27/turn    (no ring)
MPRegen 0.13/turn

%: no passive effects
@: no status effects
A: AC +6, unfitting armour, cold-blooded
a: no special abilities


You were on level 4 of the Dungeon.
You visited 1 branch of the dungeon, and saw 4 of its levels.

You collected 197 gold pieces.
You spent 143 gold pieces at shops.

Inventory:

Hand Weapons
 b - a +0 mace
 e - a +0 dagger (weapon)
Jewellery
 k - an amulet of guardian spirit
Scrolls
 c - a scroll of vulnerability {unknown}
 d - 4 scrolls of teleportation {unknown}
 g - 2 scrolls of fog {unknown}
 j - a scroll of torment {unknown}
 m - a scroll of fear {unknown}
 o - a scroll of enchant weapon {unknown}
 p - a scroll of identify {unknown}
Potions
 f - 3 potions of curing
 h - 3 potions of brilliance
 i - a potion of might {unknown}
 l - 3 potions of resistance {unknown}
 n - a potion of heal wounds {unknown}
 q - a potion of cancellation {unknown}
 r - 2 potions of lignification
 s - a potion of flight


   Skills:
 - Level 1.7 Dodging
 - Level 1.7 Stealth
 - Level 5.0 Spellcasting
 + Level 5.3 Conjurations


You had 12 spell levels left.
You knew the following spells:

 Your Spells              Type           Power      Damage    Failure   Level
a - Magic Dart            Conj           100%       1d8       1%          1
b - Searing Ray           Conj           52%        2d6       1%          2

Your spell library contained the following spells:

 Spells                   Type           Power      Damage    Failure   Level
 Dazzling Flash           Conj/Hex       30%        N/A       12%         3
 Call Imp                 Summ           10%        N/A       17%         2
 Mephitic Cloud           Conj/Pois/Air  12%        N/A       17%         3
 Fulminant Prism          Conj/Hex       7%         3d6       36%         4
 Iskenderun's Mystic Bla  Conj/Tloc      15%        2d5       36%         4


Dungeon Overview and Level Annotations

Branches:
Dungeon (4/15)
 Temple: D:4-7

Altars:

Shops:
D:4 !


Innate Abilities, Weirdness & Mutations

Your plain brown scales are hard. (AC +6)
You cannot fit into any form of body armour.
You are cold-blooded and may be slowed by cold attacks.


Message History

The orc priest is severely wounded.
The orc priest miscasts a cantrip.
You barely miss the orc priest.
The orc priest is severely wounded.
The orc priest barely misses you.
You closely miss the orc priest.
The orc priest is severely wounded.
The orc priest mumbles some strange prayers to Beogh against you.
You barely resist. You barely miss the orc priest.
The orc priest is severely wounded.
The orc priest hits you with a +0 flail.
You hit the orc priest but do no damage.
The orc priest is severely wounded.
The orc priest hits you with a +0 flail.
You hit the orc priest but do no damage.
Your tail-slap misses the orc priest.
The orc priest is severely wounded.
The orc priest hits you but does no damage.
You hit the orc priest but do no damage.
The orc priest is severely wounded.
The orc priest mumbles some strange prayers to Beogh against you.
Beogh smites you!
* * * LOW HITPOINT WARNING * * *
You completely miss the orc priest.
The orc priest is severely wounded.
The orc priest closely misses you.
You hit the orc priest but do no damage.
The orc priest is severely wounded.
The orc priest hits you but does no damage.
You hit the orc priest but do no damage.
You tail-slap the orc priest, but do no damage.
Your punch misses the orc priest.
The orc priest is severely wounded.
The orc priest calls down the wrath of Beogh upon you.
Beogh smites you!
* * * LOW HITPOINT WARNING * * *
Magic courses through your body.
The orc priest hits you with a +0 flail.
You die...

....###..###.......##....#..
#....†..............#....w..
#.#####.............##......
........(..##........##....#
..........###..####.########
...........#...# ##.##.######
.........#....## #..........#
.........#..#.####.......>..#
..##...÷..<....o@)..........#
....<...###.....##..........#
#..#..#.###.....###....######
#..#............#......#
..................##...#
...#...####............#
......## #.....####...#
.....## ####### #>...# ....##
###....#


You could see an orc priest.

Vanquished Creatures
  A howler monkey (D:3)
  An orc priest (D:4)
  An iguana (D:4)
  2 orc wizards
  4 adders
  3 worms (D:4)
  2 dart slugs (D:4)
  4 orcs
  7 endoplasms
  2 giant cockroaches
  11 hobgoblins
  10 jackals
  3 quokkas
  6 ball pythons
  6 bats
  7 frilled lizards
  6 goblins
  4 kobolds
  9 rats
89 creatures vanquished.

Vanquished Creatures (others)
  An orc wizard (D:4)
1 creature vanquished.

Grand Total: 90 creatures vanquished

Notes
Turn   | Place    | Note
-------+----------+-------------------------------------------
     0 | D:1      | cdecastro the Draconian Conjurer began the quest for the
                  | Orb.
     0 | D:1      | Reached XP level 1. HP: 14/14 MP: 3/3
   409 | D:1      | Reached XP level 2. HP: 20/20 MP: 0/5
   648 | D:1      | Learned a level 2 spell: Searing Ray
  1120 | D:1      | Reached skill level 5 in Conjurations
  1222 | D:1      | Reached XP level 3. HP: 26/26 MP: 4/6
  2265 | D:3      | Reached XP level 4. HP: 33/33 MP: 4/8
  2348 | D:3      | Identified the +7 ring mail of the Game of Kings {rC++
                  | SInv}
  3323 | D:4      | Reached XP level 5. HP: 38/38 MP: 6/11
  3741 | D:4      | Noticed a moth of wrath
  4001 | D:4      | Found Orusofif's Distillery.
  4005 | D:4      | Bought a potion of curing for 33 gold pieces
  4005 | D:4      | Bought a potion of lignification for 33 gold pieces
  4005 | D:4      | Bought a potion of brilliance for 44 gold pieces
  4005 | D:4      | Bought a potion of flight for 33 gold pieces
  4036 | D:4      | Reached skill level 5 in Spellcasting
  4038 | D:4      | Reached XP level 6. HP: 39/45 MP: 3/13
  4054 | D:4      | Slain by an orc priest

Illustrated notes

Levels and vault maps discovered:
D:1:      minmay_arrival_wavy_path, layout_basic, serial_bayou_pond_b
D:2:      layout_rooms, minmay_cupped
D:3:      layout_loops_cross
D:4:      layout_rooms, tgw_trog, serial_shops, shop, fountainhead

Skill      XL: |  1  2  3  4  5 |
---------------+----------------+-----
Conjurations   | 5 |  5.3
Spellcasting   | 4 5 |  5.0
Dodging        | |  1.7
Stealth        | |  1.7

Action                     |  1- 3 |  4- 6 || total
---------------------------+-------+-------++-------
  Melee: Mace              |    15 |       ||    15
         Dagger            |    59 |    63 ||   122
         Tailslap          |     7 |    10 ||    17
   Cast: Magic Dart        |    46 |       ||    46
         Searing Ray       |     8 |    23 ||    31
    Use: Potion            |       |     1 ||     1
   Stab: Sleeping          |     3 |     1 ||     4
 Armour: Skin              |    30 |    22 ||    52
  Dodge: Dodged            |    78 |    85 ||   163
